 Dungeon Crawl Stone Soup version 0.31-a0-344-gd109795599 (webtiles) character file.

Game seed: 4901283006273066374

9636 Zonian the Nimble (level 11, -4/139 HPs)
             Began as a Merfolk Shapeshifter on July 22, 2023.
             Was a Believer of Ashenzari.
             Slain by a meliai
             ... wielding a +0 war axe
              (12 damage)
             ... in a Gauntlet.
             The game lasted 00:35:28 (12004 turns).

Zonian the Nimble (Merfolk Shapeshifter)           Turns: 12004, Time: 00:35:29

Health: -4/139     AC:  4    Str: 20    XL:     11   Next: 49%
Magic:  20/20      EV: 21    Int:  8    God:    Ashenzari [**....]
Gold:   710        SH:  0    Dex: 20    Spells: 10/10 levels left

rFire   . .          .
                       - Unarmed
rCold   + . .        Q - orb {*Rage}
rNeg    . . .        C - +1 leather armour "Circumscribed With Me" {rF+, Comp, Cun} (curse)
rPois   +            s - melded +1 helmet "Share My Panentheism" {Melee, Bglg} (curse)
rElec   .            (cloak currently unavailable)
rCorr   .            (gloves currently unavailable)
SInv    +            (boots currently unavailable)
Will    .....        h - amulet "Sidereal Annoyance" {Regen+, Elem, Self} (curse) Stlth
                     u - ring of ice
HPRegen 1.23/turn    D - ring of Ashenzari's Chagrin {rPois MP+9 Dex+6, Fort, Self} (curse)
MPRegen 0.17/turn

%: no teleportation, random rage (20%)
@: berserking, beast-form, very quick
A: beast (slay +7), (nimble swimmer 2), mertail
a: Begin Untransformation, Renounce Religion, Curse Item, Shatter the Chains


You were in a Gauntlet.
You worshipped Ashenzari.
Ashenzari was pleased with you.
You were a hulking beast.
You visited 2 branches of the dungeon, and saw 10 of its levels.
You also visited: Gauntlet.

You collected 977 gold pieces.
You spent 267 gold pieces at shops.

Inventory:

Hand Weapons
 r - a +1 dagger of flaming
 R - the +3 whip of Earthquakes {drain, rF+ MP+9}
   (You found it on level 9 of the Dungeon)

   rF:        It protects you from fire.
   MP:        It affects your magic capacity (+9).
Missiles
 d - 3 boomerangs
 B - 4 throwing nets
 F - 23 poisoned darts
Armour
 a - a +0 animal skin
 m - a +0 buckler
 s - the cursed +1 helmet "Share My Panentheism" (melded) {Melee, Bglg}
   (You took it off Robin on level 3 of the Dungeon)

   It has a curse which improves the following skills: Melee Combat: Short
   Blades, Long Blades, Axes, Maces & Flails, Polearms, Staves and Unarmed
   Combat.
   Beguiling: Conjurations, Hexes and Translocations.
 C - the cursed +1 leather armour "Circumscribed With Me" (worn) {rF+, Comp, Cun}
   (You bought it in a shop on level 5 of the Dungeon)

   It has a curse which improves the following skills: Companions: Summonings
   and Necromancy.
   Cunning:   Dodging and Stealth.
 E - a +3 leather armour
 M - a +2 ring mail of poison resistance
 Q - an orb of wrath (worn)
Jewellery
 h - the cursed amulet "Sidereal Annoyance" (around neck) {Regen+, Elem, Self}
   (You found it on level 1 of the Dungeon)

   [amulet of regeneration]

   Regen:     It increases your rate of health regeneration.
   It has a curse which improves the following skills: Elements: Fire Magic, Ice
   Magic, Air Magic and Earth Magic.
   Introspection: Fighting and Spellcasting.
 u - a ring of ice (left hand)
 y - an amulet of guardian spirit
 A - a ring of protection from cold
 D - the cursed ring of Ashenzari's Chagrin (right hand) {rPois MP+9 Dex+6, Fort, Self}
   (You acquired it on level 5 of the Dungeon)

   [ring of dexterity]

   Dex:       It affects your dexterity (+6).
   rPois:     It protects you from poison.
   MP:        It affects your magic capacity (+9).
   It has a curse which improves the following skills: Fortitude: Armour and
   Shields.
   Introspection: Fighting and Spellcasting.
 N - an amulet of reflection
Talismans
 c - a beast talisman
Wands
 p - a wand of polymorph (3)
 t - a wand of flame (33)
 G - a wand of roots (1)
 O - a wand of light (7)
Scrolls
 e - 3 scrolls of vulnerability
 f - a scroll of silence
 i - 2 scrolls of noise
 k - 6 scrolls of blinking
 l - 3 scrolls of immolation
 n - 3 scrolls of poison
 o - 4 scrolls of teleportation
 H - 2 scrolls of fear
 I - a scroll of amnesia
 J - a scroll of enchant weapon
 L - 4 scrolls of fog
Potions
 b - 2 potions of lignification
 g - a potion of heal wounds
 j - 3 potions of haste
 q - 8 potions of curing
 v - a potion of ambrosia
 w - 2 potions of enlightenment
 x - a potion of berserk rage
 z - 2 potions of might
 K - a potion of brilliance
 P - 3 potions of invisibility


   Skills:
 + Level 9.6(11.3) Fighting
 + Level 11.7(12.8) Dodging
 + Level 3.1(4.2) Stealth
 + Level 10.2 Unarmed Combat
 + Level 10.5 Shapeshifting


You had 10 spell levels left.
You didn't know any spells.
Your spell library contained the following spells:

 Spells                   Type           Power      Damage    Failure   Level
 Cigotuvi's Dreadful Rot  Necr/Pois/Air  0%         N/A       58%         2
 Scorch                   Fire           0%         2d5       58%         2
 Ignite Poison            Fire/Tmut/Pois 0%         N/A       83%         3
 Ozocubu's Armour         Ice            0%         N/A       83%         3
 Flame Wave               Conj/Fire      0%         2d4       99%         4
 Freezing Cloud           Conj/Ice/Air   0%         6-21      100%        5
 Summon Forest            Summ/Tloc      0%         N/A       100%        5
 Eringya's Noxious Bog    Tmut/Pois      0%         4d6       100%        6
 Summon Cactus Giant      Summ           0%         N/A       100%        6
 Ozocubu's Refrigeration  Ice            0%         4d7       100%        7
 Summon Hydra             Summ           0%         N/A       100%        7


Dungeon Overview and Level Annotations

Branches:
Dungeon (9/15)             Temple (0/1) D:5            Lair (1/5) D:9
Gauntlet (1/1)
    Orc: D:9-12

Altars:
Ashenzari
Dithmenos
Gozag
Hepliaklqana
Vehumet
Xom
Zin
The Shining One

Shops:
D:1 (   D:2 :   D:5 (![*[

Annotations:
Gauntlet 6 transporters, exclusion: oklob plant


Innate Abilities, Weirdness & Mutations

You are a hulking beast.
Your limbs bulge with bestial killing power. (Slay +7)
((You are very nimble when in or above water. (Stealth+, EV+, Speed+++)))
Your lower body shifts to a powerful aquatic tail in water.


Message History

You closely miss the meliai.
The meliai is severely wounded.
The meliai hits you with a +0 hand axe. The meliai misses you.
The meliai closely misses you. The meliai stings you!
You punch the meliai!
The meliai is almost dead.
The meliai hits you with a +0 hand axe! The meliai barely misses you.
The meliai hits you with a +0 hand axe. The meliai closely misses you.
You closely miss the meliai.
The meliai is almost dead.
You punch the meliai!
You kill the meliai!
Unknown command.
A red film seems to cover your vision as you go berserk!
You feel yourself moving faster!
You feel mighty! The meliai misses you.
The meliai stings you but does no damage.
The meliai hits you with a +0 war axe! The meliai completely misses you.
The meliai mumbles some strange prayers to its god against you.
Something smites you!
* * * LOW HITPOINT WARNING * * *
The meliai closely misses you. The meliai stings you.
* * * LOW HITPOINT WARNING * * *
You hit the meliai.
The meliai is lightly wounded.
The meliai hits you with a +0 war axe!
* * * LOW HITPOINT WARNING * * *
The meliai closely misses you. The meliai misses you. x2
Unknown command.
You miss the meliai.
The meliai is lightly wounded.
The meliai hits you with a +0 war axe!
* * * LOW HITPOINT WARNING * * *
The meliai misses you. The meliai closely misses you. x2
Unknown command.
You punch the meliai!
The meliai is moderately wounded.
The meliai hits you with a +0 war axe.
* * * LOW HITPOINT WARNING * * *
The meliai completely misses you. The meliai hits you with a +0 war axe!
You die...

* * * ...., ...©..... ,....,,
..©.... , * #####* ###### ** ,,
....# , ?©.) , , * ,....#. ...
,*,. * ~#..#.# ### *,#..
##..#..##.##..#..## *
#≈..#.yh.©....#..≈#
#######..#.y##.##..#..#######
#§#≈#≈#..#.#.###{#.#..#≈#≈#≈#
###§§......#.##.y.##.#.....§§.#
#≈.........#.........#.........
###..#########################..
#≈...#...........§...........#..
###...#.©.........©.........©.#..
#≈..#############################


You could see 2 meliai.

Vanquished Creatures
  Harold (D:9)
  A sixfirhy (Gauntlet)
  A komodo dragon (Lair:1)
  A meliai (Gauntlet)
  A hornet (D:9)
  Prince Ribbit (D:7)
  3 ynoxinuls (D:9)
  19 yaks
  4 basilisks
  A wyvern (D:9)
  2 steam dragons (D:9)
  Menkaure (D:6)
  A naga (D:6)
  2 acid dragons (D:9)
  5 water moccasins
  An orc warrior (D:9)
  A sky beast (D:6)
  A black bear (D:7)
  2 ogres
  4 lemures
  2 centaurs
  A phantom (D:4)
  2 kobold brigands
  6 bullfrogs
  3 scorpions
  5 killer bees
  2 howler monkeys
  An electric eel (D:9)
  4 hounds
  A gnoll bouda (D:6)
  An orc priest (D:4)
  2 jellies
  4 iguanas
  3 orc wizards
  2 sleepcaps
  Ijyb (D:3)
  Robin (D:3)
  6 gnolls
  12 adders
  A shadow imp (D:7)
  A white imp (D:7)
  7 ufetubi
  2 worms (D:2)
  3 dart slugs
  24 orcs
  5 bats
  3 endoplasms
  A giant cockroach (D:4)
  7 hobgoblins
  8 jackals (D:3)
  6 quokkas
  4 ball pythons
  2 frilled lizards (D:3)
  10 goblins
  11 kobolds
  4 rats (D:2)
  2 butterflies (D:1)
213 creatures vanquished.

Notes
Turn   | Place    | Note
-------+----------+-------------------------------------------
     0 | D:1      | Zonian the Merfolk Shapeshifter began the quest for the
                  | Orb.
     0 | D:1      | Reached XP level 1. HP: 15/15 MP: 1/1
    48 | D:1      | Noticed a +0 rapier
    55 | D:1      | Found Raak's Weapon Shoppe.
   414 | D:1      | Noticed a +0 demon whip
   427 | D:1      | Reached XP level 2. HP: 21/21 MP: 2/2
   450 | D:1      | Reached skill level 3 in Dodging
   873 | D:2      | Found Caathug's Book Shop.
   911 | D:2      | Reached XP level 3. HP: 25/27 MP: 3/3
  1308 | D:3      | Reached XP level 4. HP: 11/33 MP: 4/4
  1372 | D:3      | Noticed Ijyb
  1388 | D:3      | Killed Ijyb
  1786 | D:3      | Found a faded altar of an unknown god.
  1789 | D:3      | Prayed at the altar of an unknown god.
  1789 | D:3      | Became a worshipper of Ashenzari the Shackled
  1886 | D:3      | Reached skill level 4 in Dodging
  1902 | D:3      | Reached XP level 5. HP: 39/39 MP: 5/5
  2470 | D:3      | Noticed Robin
  2477 | D:3      | Killed Robin
  2649 | D:3      | Reached skill level 5 in Shapeshifting
  2691 | D:3      | Reached XP level 6. HP: 28/47 MP: 6/6
  3453 | D:4      | Reached skill level 5 in Dodging
  3597 | D:4      | Reached skill level 5 in Unarmed Combat
  3733 | D:4      | Reached XP level 7. HP: 54/54 MP: 7/7
  3864 | D:4      | Found a shimmering altar of Xom.
  4004 | D:5      | Entered Level 5 of the Dungeon
  4006 | D:5      | Found Pefetsul's Distillery.
  4048 | D:5      | Found a staircase to the Ecumenical Temple.
  4106 | D:5      | Bought a potion of berserk rage for 55 gold pieces
  4106 | D:5      | Bought a potion of curing for 33 gold pieces
  4106 | D:5      | Bought a potion of might for 44 gold pieces
  4328 | D:5      | Reached * piety under Ashenzari
  4337 | D:5      | Identified the cursed +1 helmet "Share My Panentheism"
                  | {Melee, Bglg} (You took it off Robin on level 3 of the
                  | Dungeon)
  4695 | D:5      | Found Jaythret's Armour Shop.
  4740 | D:5      | Reached skill level 6 in Dodging
  4789 | D:5      | Found Gilaotyi's Antique Weapon Emporium.
  4908 | D:5      | Found Egueplat's Antique Armour Shop.
  4916 | D:5      | Bought a dyed leather armour for 135 gold pieces
  4976 | D:5      | Identified a scroll of acquirement
  4979 | D:5      | Found Racuax's Assorted Antiques.
  4985 | D:5      | Acquired the ring of Fallacy {rPois MP+9 Dex+6}
  5275 | D:6      | Reached XP level 8. HP: 23/63 MP: 8/8
  5536 | D:6      | Noticed Blork the orc
  5568 | D:6      | Noticed Pikel
  6066 | D:6      | Reached ** piety under Ashenzari
  6073 | D:6      | Found a shadowy altar of Dithmenos.
  6124 | D:6      | Pikel changed into Pikel the naga
  6124 | D:6      | Noticed Pikel
  6137 | D:6      | Killed Pikel the naga
  6138 | D:6      | Reached skill level 5 in Fighting
  6278 | D:6      | Blork the orc changed into Blork the killer bee
  6278 | D:6      | Noticed Blork
  6281 | D:6      | Killed Blork the killer bee
  6554 | D:6      | Reached skill level 7 in Dodging
  6579 | D:6      | Noticed Menkaure
  6583 | D:6      | Killed Menkaure
  6976 | D:7      | Noticed Prince Ribbit
  6990 | D:7      | Killed Prince Ribbit
  6991 | D:7      | Reached XP level 9. HP: 60/74 MP: 9/9
  7186 | D:7      | Reached skill level 8 in Dodging
  8321 | D:8      | Identified the +1 robe of Wuys {rElec rF+++ Str-3 Int-5}
  8515 | D:8      | Found a glowing silver altar of Zin.
  8573 | D:8      | Found a radiant altar of Vehumet.
  8851 | D:9      | Reached skill level 9 in Dodging
  9580 | D:9      | Reached XP level 10. HP: 77/83 MP: 10/10
  9676 | D:9      | Noticed Harold
  9708 | D:9      | Killed Harold
  9709 | D:9      | Reached skill level 10 in Dodging
  9974 | D:9      | Found a large runed translucent door.
  9978 | D:9      | Found a large runed translucent door.
 10020 | D:9      | Identified the +3 whip of Earthquakes {drain, rF+ MP+9}
 10254 | D:9      | Found a glowing golden altar of the Shining One.
 10904 | D:9      | Found a staircase to the Lair.
 10991 | D:9      | Found a hazy altar of Hepliaklqana.
 11120 | D:9      | Found an opulent altar of Gozag.
 11341 | Lair:1   | Entered Level 1 of the Lair of Beasts
 11391 | Lair:1   | Reached skill level 11 in Dodging
 11391 | Lair:1   | Reached XP level 11. HP: 92/92 MP: 11/11
 11396 | Lair:1   | Reached skill level 10 in Shapeshifting
 11450 | Lair:1   | Reached skill level 1 in Stealth
 11500 | Lair:1   | Found a gate leading to a gauntlet.
 11599 | Lair:1   | Reached skill level 10 in Unarmed Combat
 11743 | Gauntlet | Entered a Gauntlet
 11743 | Gauntlet | Found a transporter.
 11743 | Gauntlet | Found a transporter.
 11748 | Gauntlet | Noticed a sixfirhy
 11749 | Gauntlet | Found a runed translucent gate.
 11750 | Gauntlet | Found a transporter.
 11750 | Gauntlet | Found a runed translucent gate.
 11751 | Gauntlet | Found a runed translucent gate.
 11809 | Gauntlet | Found a transporter.
 11809 | Gauntlet | Found a transporter.
 11809 | Gauntlet | Noticed an oklob plant
 11812 | Gauntlet | Found a transporter.
 11853 | Gauntlet | Killed a sixfirhy
 11973 | Gauntlet | Found a transporter.
 11992 | Gauntlet | Found a transporter.
 11992 | Gauntlet | Found a transporter.
 11993 | Gauntlet | Identified the +5 arbalest of Mygefup {freeze, Stlth+}
 12004 | Gauntlet | Slain by a meliai

Illustrated notes

Levels and vault maps discovered:
D:1:      spicycebolla_arrival_clurvy, layout_basic, serial_shops,
          nicolae_shop_mannequins, chequers_arboretum,
          nicolae_figureground_sparkle
D:2:      layout_rooms, serial_shops, nicolae_shop_advertising_works
          [nicolae_subvault_shop_adworks]
D:3:      layout_loops_ring, hellmonk_ecumenical_altar_defaced_shrine,
          uniq_robin, uniq_ijyb
D:4:      layout_rooms, lemuel_doored_altar
D:5:      layout_rooms, minmay_temple_entry_offerings, serial_shops,
          nicolae_stop_n_shop_1, nicolae_shop_back_alley_shop,
          nicolae_lakefront_shop, nicolae_shop_crystal, nicolae_stop_n_shop_1
D:6:      layout_basic, nicolae_overflow_hidden_temple, uniq_menkaure,
          uniq_blork_the_orc, uniq_pikel
D:7:      layout_gridville, uniq_prince_ribbit1
D:8:      layout_loops_ring, mainiacjoe_overflow_paths, vehumet_altar_wand_db
D:9:      layout_loops_corners, tso_oasis_becter, jmf_multi_god_temple2,
          erik_lair_dragon, nicolae_fort_ynox, uniq_harold
Lair:1:   layout_loops_ring, gauntlet_entry_generic, grunt_megastairs_1,
          lemuel_fruit_fields
Gauntlet: gammafunk_gauntlet_mixed_choke_point
          [minmay_gauntlet_arena_77_terracotta_army,
          minmay_gauntlet_arena_77_squiggly,
          minmay_gauntlet_arena_77_run_for_it, gammafunk_gauntlet_arena_corners,
          minmay_gauntlet_arena_77_two_lines, minmay_gauntlet_arena_77_path,
          minmay_gauntlet_arena_77_p_blocks, gauntlet_exit_hidden_loot]

Skill      XL: |  1  2  3  4  5  6  7  8  9 10 11 |
---------------+----------------------------------+-----
Dodging        | 3 4 5 6 7 9 11 | 11.7
Fighting       | 2 3 4 6 7 9 |  9.6
Unarmed Combat | 4 5 7 8 9 10 | 10.2
Shapeshifting  | 5 6 7 8 9 10 | 10.5
Stealth        | 3 |  3.1

Action                     |  1- 3 |  4- 6 |  7- 9 | 10-12 || total
---------------------------+-------+-------+-------+-------++-------
  Melee: Unarmed           |    77 |   196 |   375 |   196 ||   844
  Throw: Throwing net      |       |       |       |     1 ||     1
 Invoke: Curse Item        |       |     1 |     3 |       ||     4
Ability: Begin Untransform |       |       |     2 |       ||     2
  Evoke: Wand              |       |       |    15 |       ||    15
    Use: Scroll            |       |     4 |     1 |     1 ||     6
         Potion            |       |       |     2 |     2 ||     4
   Stab: Sleeping          |     3 |     1 |     1 |     1 ||     6
         Distracted        |       |     1 |       |       ||     1
         Held in net/web   |       |       |       |     1 ||     1
 Armour: Animal skin       |     2 |    26 |     5 |       ||    33
         Skin              |       |    27 |       |       ||    27
         Leather armour    |       |       |    30 |    19 ||    49
  Dodge: Dodged            |    39 |    85 |   261 |   173 ||   558
  Block: Buckler           |     6 |    34 |    76 |     8 ||   124
   Form: Beast             |       |       |     2 |       ||     2

Table legend: (Time is in decaauts)
 A = Elapsed time spent in this place.
 B = Non-inter-level travel time spent in this place.
 C = Inter-level travel time spent in this place.
 D = Time resting spent in this place.
 E = Time spent auto-exploring this place.
 F = Levels seen in this place.
 G = Mean time per level.
                   A        B        C        D        E       F      G
               +--------+--------+--------+--------+--------+-----+--------+
         Total |  12028 |  11772 |    256 |   4591 |   4462 |  11 | 1093.5 |
       Dungeon |  11342 |  11086 |    256 |   4301 |   4439 |   9 | 1260.2 |
          Lair |    423 |    423 |      0 |    200 |     23 |   1 |  423.0 |
      Gauntlet |    262 |    262 |      0 |     90 |      0 |   1 |  262.0 |
               +--------+--------+--------+--------+--------+-----+--------+

Top non-repeatable levels by time:
     D:9: 2597 daAuts
     D:3: 2044 daAuts
     D:5: 1566 daAuts
     D:6: 1319 daAuts
     D:7: 1256 daAuts
     D:1: 849 daAuts
     D:4: 713 daAuts
     D:8: 608 daAuts
  Lair:1: 423 daAuts
     D:2: 386 daAuts
Gauntlet: 262 daAuts
